 Dungeon Crawl Stone Soup version 0.21-a0-122-g43b3ea6 (webtiles) character file.

138775 MatthieuS the Spry (level 17, -10/125 HPs)
             Began as a Kobold Enchanter on July 10, 2017.
             Was the Champion of Dithmenos.
             Mangled by a snapping turtle (28 damage)
             ... on level 1 of the Shoals on July 13, 2017.
             The game lasted 04:16:47 (42135 turns).

MatthieuS the Spry (Kobold Enchanter)              Turns: 42135, Time: 04:16:47

Health: -10/125    AC: 11    Str: 13    XL:     17   Next: 87%
Magic:  10/30      EV: 26    Int: 19    God:    Dithmenos [******]
Gold:   417        SH:  6    Dex: 14    Spells: 4/34 levels left

rFire    + + .     SeeInvis +   q - +2 dagger (elec)
rCold    + . .     Gourm    .   L - +0 buckler
rNeg     . . .     Faith    .   o - +2 robe {Archmagi}
rPois    +         Spirit   .   j - +2 hat {SInv}
rElec    +         Reflect  .   Q - scarf {rC+ rF+}
rCorr    .         Harm     .   G - +0 pair of gloves
MR       +++..                  K - +2 pair of boots {Stlth+}
Stlth    ++++++++++             (no amulet)
HPRegen  0.30/turn              C - ring of protection from fire
MPRegen  0.22/turn              t - ring "Hetiokh Sext" {rElec Str+3 Int+2 Dex-3 SInv}

@: wreathed by umbra
A: antennae 1, rugged brown scales 1, carnivore 3, magic resistance 2, poison
resistance, robust 1
a: Shadow Step, Shadow Form, Renounce Religion


You were on level 1 of the Shoals.
You worshipped Dithmenos.
Dithmenos was exalted by your worship.
You were very full.

You visited 5 branches of the dungeon, and saw 26 of its levels.
You also visited: Sewer and Volcano.

You collected 2295 gold pieces.
You spent 1878 gold pieces at shops.

Inventory:

Hand Weapons
 a - the +6 dagger "Fedisafu" {pierce, rElec rC++ Dex-5}
   (You found it on level 6 of the Lair of Beasts)

   It inflicts extra damage upon your enemies.
   It affects your dexterity (-5).
   It greatly protects you from cold.
   It insulates you from electricity.
 k - a +2 dagger of holy wrath
 q - a +2 dagger of electrocution (weapon)
 w - a +0 blowgun
Missiles
 z - 116 poisoned needles
 Y - 6 throwing nets (quivered)
Armour
 j - a +2 hat of see invisible (worn)
 o - a +2 robe of the Archmagi (worn)
 B - a +0 robe of resistance
 G - a +0 pair of gloves (worn)
 K - a +2 pair of boots of stealth (worn)
 L - a +0 buckler (worn)
 Q - a scarf of resistance (worn)
 Z - a +0 robe of resistance
Jewellery
 t - the ring "Hetiokh Sext" (right hand) {rElec Str+3 Int+2 Dex-3 SInv}
   (You bought it in a shop on level 9 of the Dungeon)

   [ring of see invisible]

   It affects your strength (+3).
   It affects your intelligence (+2).
   It affects your dexterity (-3).
   It insulates you from electricity.
   It lets you see invisible.
 C - a ring of protection from fire (left hand)
 O - the ring "Loumn" {rCorr rPois rN++ Int-3 Slay-4}
   (You bought it in a shop on level 2 of the Orcish Mines)

   [ring of resist corrosion]

   It affects your intelligence (-3).
   It affects your accuracy and damage with ranged weapons and melee attacks
   (-4).
   It protects you from poison.
   It greatly protects you from negative energy.
 T - an uncursed ring of protection from cold
Wands
 g - a wand of acid (0/15)
 l - a wand of disintegration (6/24)
 v - a wand of iceblast (6/15)
 y - a wand of paralysis (15/24)
 H - a wand of disintegration (14/24)
 P - a wand of confusion (16/48)
 V - a wand of lightning (9/15)
Scrolls
 f - 7 scrolls of magic mapping
 h - 7 scrolls of amnesia
 m - 5 scrolls of remove curse
 p - 6 scrolls of teleportation
 x - a scroll of summoning
 D - 2 scrolls of enchant weapon
 E - a scroll of fear
 J - 3 scrolls of identify
Potions
 i - 3 potions of flight
 n - 3 potions of ambrosia
 r - 7 potions of brilliance
 s - 3 potions of curing
 I - a potion of berserk rage
 M - 2 potions of might
 N - a potion of resistance
 R - 4 potions of lignification
Books
 A - a book of Debilitation

   Spells                             Type                      Level
   a - Corona                         Hexes                        1
   b - Slow                           Hexes                        2
   c - Inner Flame                    Hexes/Fire                   3
   d - Portal Projectile              Hexes/Translocation          3
   e - Cause Fear                     Hexes                        4
   f - Leda's Liquefaction            Hexes/Earth                  4
Miscellaneous
 S - a sack of spiders
Comestibles
 d - 5 meat rations
 F - 7 royal jellies


   Skills:
 + Level 14.3 Fighting
 - Level 9.0 Short Blades
 - Level 3.0 Throwing
 - Level 3.1 Armour
 - Level 16.0 Dodging
 - Level 12.0 Stealth
 * Level 3.8 Shields
 - Level 9.4 Spellcasting
 - Level 4.4 Conjurations
 - Level 10.5 Hexes
 - Level 4.2 Translocations
 - Level 12.0 Poison Magic
 - Level 6.6 Invocations


You had 4 spell levels left.
You knew the following spells:

 Your Spells              Type           Power        Failure   Level  Hunger
a - Corona                Hex            ######.      1%          1    None
b - Ensorcelled Hibernat  Hex/Ice        #####.       1%          2    None
c - Confuse               Hex            ######..     1%          3    None
d - Tukima's Dance        Hex            ######..     1%          3    None
e - Mephitic Cloud        Conj/Pois/Air  #####...     2%          3    None
f - Olgreb's Toxic Radia  Pois           ######..     1%          4    ###....
g - Blink                 Tloc           N/A          2%          2    None
h - Dazzling Spray        Conj/Hex       ######       1%          3    None
i - Cause Fear            Hex            ######....   1%          4    ###....
j - Venom Bolt            Conj/Pois      ######....   9%          5    #####..


Dungeon Overview and Level Annotations

Branches:
Dungeon (15/15)            Temple (1/1) D:5            Lair (6/6) D:8
 Shoals (2/4) Lair:2       Spider (0/4) Lair:2        Slime (0/5) Lair:5
    Orc (2/2) D:10            Elf (0/3) Orc:2        Vaults (0/5) D:13
 Depths (0/5) D:15

Altars:
Ashenzari
Dithmenos
Hepliaklqana
Kikubaaqudgha
Makhleb
Nemelex Xobeh
Okawaru
Qazlal
Ru
Sif Muna
Trog
Uskayaw
Wu Jian

Shops:
D:8 [   D:9 *   D:11 :   D:13 }%:   D:14 =   Orc:2 :=}%   Shoals:1 }

Annotations:
D:11 octopodefightclub's ghost, journeyman OpGl
D:13 Geoffrax's ghost, journeyman DrTm
Lair:2 exclusion: 2 oklob plants
Shoals:1 Aizul


Innate Abilities, Weirdness & Mutations

You are small and have problems with some larger weapons.
You are carnivorous and can eat meat at any time.
You have a pair of small antennae on your head.
You are partially covered in rugged brown scales. (AC +1, +3% HP)
You are highly resistant to hostile enchantments. (MR++)
Your system is resistant to poisons. (rPois)
You are robust. (+10% HP)


Message History

Dithmenos accepts your kill.
The snapping turtle completely misses you.
The snapping turtle bites you but does no damage.
Your soldier ant stings the snapping turtle.
The snapping turtle completely misses you.
Your soldier ant stings the snapping turtle.
The snapping turtle closely misses you.
Your soldier ant stings the snapping turtle!
The snapping turtle looks as sick as possible!
Your soldier ant poisons the snapping turtle!
The snapping turtle bites your soldier ant but does no damage.
Your soldier ant stings the snapping turtle.
You block the snapping turtle's attack.
Your soldier ant stings the snapping turtle but does no damage.
The snapping turtle bites you but does no damage.
Your soldier ant stings the snapping turtle but does no damage.
The snapping turtle misses you.
Your soldier ant stings the snapping turtle.
The snapping turtle bites you from afar!!
You die...

≈≈.≈≈≈≈≈≈≈≈..≈..###.≈≈PPPP≈≈≈≈≈≈≈
≈)....≈.......≈≈≈≈..P≈P≈PP≈≈≈≈≈≈P
≈≈≈≈.....#####..≈≈...≈PP.PPP≈≈PP.
≈≈≈...).## #..≈≈≈..≈P≈≈PPP≈≈≈≈P
≈≈≈..#### ###....P≈PP.P.PPPP≈≈
≈≈≈.###.## ###...≈P≈.P≈PP≈≈≈.
≈≈≈......# ##.P≈≈P....≈≈≈..
≈≈≈..#...# ###..†≈≈.....P≈P≈.
≈≈≈≈.###.# #@aH.≈≈.....P...≈≈
≈≈≈≈.# #.## ##ka≈≈≈##..##.....
≈≈≈≈.###..# ##t≈≈≈≈#..###..≈##
≈.........### #...≈≈≈..P..#.≈##.
≈≈≈≈....≈...# #....≈≈≈P≈....P♣..
≈≈≈≈...≈≈.### #....≈....≈≈.P#♣..
≈.........# #........≈....♣..#
..........# #..###..≈...≈≈♣?.≈
≈.≈≈.....## ##.....≈≈≈≈≈≈#♣.≈≈


You could see a snapping turtle, a friendly wind drake, a friendly hippogriff
and 2 friendly soldier ants.

Vanquished Creatures
  Frances (D:14)
  Gastronok (D:9)
  Agnes (D:14)
  A fire giant (D:15)
  Louise (D:15)
  An orc warlord (Orc:1)
  A red draconian (Volcano)
  A dire elephant (Lair:6)
  Snorg (Orc:1)
  3 merfolk impalers
  Josephine (Orc:1)
  Fannar (D:12)
  A rakshasa (D:13)
  8 hydras
  3 centaur warriors
  A merfolk aquamancer (Shoals:2)
  An ogre mage (D:15)
  5 two-headed ogres
  A catoblepas (Lair:6)
  Erica (D:8)
  A deep troll shaman (Lair:6)
  17 death yaks
  2 tengu warriors
  4 orc high priests (Orc:2)
  A salamander mystic (Volcano)
  Nergalle (Lair:1)
  A fire crab (Lair:6)
  2 unseen horrors
  2 sea snakes (Shoals:2)
  11 harpies
  2 wizards (D:13)
  A lindwurm (Lair:2)
  Pikel (D:6)
  2 fauns
  2 orc knights
  7 manticores
  2 ugly things (D:13)
  6 salamanders (Volcano)
  6 cyclopes
  6 orc sorcerers
  An oklob plant (Lair:5)
  4 elephants (Lair:6)
  A merfolk siren (Shoals:1)
  3 water nymphs
  5 black mambas
  2 gargoyles
  14 spiny frogs
  2 centaur skeletons
  An efreet (D:14)
  4 rime drakes
  A kobold demonologist (D:15)
  9 komodo dragons
  A merfolk (shapeshifter) (D:14)
  A tengu conjurer (D:14)
  3 jumping spiders (Lair:2)
  10 merfolk
  3 meliai (D:14)
  A hornet (D:11)
  4 polar bears (Lair:6)
  7 trolls
  2 slime creatures (D:14)
  4 snapping turtles
  5 blink frogs (Lair:1)
  4 dream sheep (Lair:6)
  17 hippogriffs
  A meliai zombie (D:12)
  A centaur simulacrum (D:15)
  4 redbacks (Lair:2)
  38 yaks
  7 basilisks
  7 wraiths
  A yak (shapeshifter) (D:13)
  4 wyverns
  2 water elementals
  4 vampires
  Sigmund (D:6)
  6 vampire mosquitoes (D:15)
  7 hungry ghosts
  A dancing weapon (D:7)
  2 wargs
  A soldier ant (D:15)
  11 water moccasins
  31 orc warriors
  4 porcupines
  A slave (D:6)
  A hornet zombie (D:13)
  5 ice beasts
  4 black bears
  A necrophage (D:8)
  6 sky beasts
  7 ogres
  A phantom (D:7)
  4 boggarts (D:15)
  13 wolves
  15 centaurs
  22 crocodiles
  6 big kobolds
  17 bullfrogs
  A gnoll sergeant (D:7)
  2 scorpions
  32 killer bees
  8 wights
  2 electric eels (Lair:2)
  A howler monkey (D:5)
  A bullfrog zombie (D:11)
  5 crimson imps
  5 centaur zombies
  8 hounds
  A gnoll shaman (D:8)
  5 jellies
  41 orc priests
  3 bullfrog skeletons
  Jessica (D:5)
  4 iguanas
  29 orc wizards
  7 worker ants
  3 hound skeletons
  8 gnolls
  19 adders
  A howler monkey skeleton (D:10)
  3 river rats
  4 shadow imps
  6 oozes
  2 adder zombies
  3 worms
  3 dart slugs
  8 leopard geckos
  94 orcs
  6 giant cockroaches
  10 goblins
  6 hobgoblins
  9 jackals
  20 kobolds
  A quokka (D:8)
  4 ball pythons
  11 bats
  4 frilled lizards
  A leopard gecko skeleton (D:4)
  3 quokka skeletons
  20 rats
862 creatures vanquished.

Vanquished Creatures (collateral kills)
  A two-headed ogre (D:12)
  A manticore (Shoals:1)
  An orc warrior (D:10)
  2 wights
  An orc priest (Orc:2)
  3 orcs
9 creatures vanquished.

Vanquished Creatures (others)
  6 dancing weapons
  A phantom (D:10)
  A boggart (D:15)
  A bush (Lair:4)
  10 fungi
  8 plants
27 creatures vanquished.

Grand Total: 898 creatures vanquished

Notes
Turn   | Place    | Note
-------+----------+-------------------------------------------
     0 | D:1      | MatthieuS the Kobold Enchanter began the quest for the Orb.
     0 | D:1      | Reached XP level 1. HP: 10/10 MP: 3/3
   479 | D:1      | Reached XP level 2. HP: 13/15 MP: 3/5
   489 | D:1      | Learned a level 2 spell: Ensorcelled Hibernation
  1160 | D:2      | Reached XP level 3. HP: 19/19 MP: 6/6
  1201 | D:2      | Reached skill level 3 in Dodging
  1447 | D:2      | Learned a level 3 spell: Confuse
  2023 | D:2      | Reached XP level 4. HP: 24/24 MP: 0/7
  2507 | D:3      | Found an iron altar of Okawaru.
  2698 | D:3      | Reached XP level 5. HP: 25/28 MP: 8/8
  3623 | D:4      | Found a sacrificial altar of Ru.
  3974 | D:4      | Reached skill level 1 in Fighting
  3974 | D:4      | Reached skill level 5 in Short Blades
  3974 | D:4      | Reached XP level 6. HP: 34/34 MP: 9/9
  3979 | D:4      | Reached skill level 4 in Dodging
  4238 | D:4      | Found a glowing drain.
  4242 | Sewer    | Entered a sewer
  4817 | Sewer    | Reached XP level 7. HP: 40/40 MP: 1/10
  5567 | D:5      | Entered Level 5 of the Dungeon
  5762 | D:5      | Found a staircase to the Ecumenical Temple.
  5767 | Temple   | Entered the Ecumenical Temple
  5773 | Temple   | Became a worshipper of Dithmenos the Shadowed
  5814 | D:5      | Found a hide-covered altar of Uskayaw.
  5814 | D:5      | Found an ornate altar of the Wu Jian Council.
  5874 | D:5      | Found a sparkling altar of Nemelex Xobeh.
  5874 | D:5      | Noticed Jessica
  5880 | D:5      | Killed Jessica
  5880 | D:5      | Reached skill level 5 in Dodging
  6081 | D:5      | Reached XP level 8. HP: 46/46 MP: 3/11
  6660 | D:6      | Found a burning altar of Makhleb.
  6861 | D:6      | You fall through a shaft for 3 floors!
  6865 | D:9      | Noticed a cyclops
  7026 | D:8      | Learned a level 3 spell: Mephitic Cloud
  7097 | D:8      | Reached skill level 1 in Poison Magic
  7270 | D:8      | Reached skill level 6 in Dodging
  7627 | D:8      | Reached skill level 5 in Fighting
  7715 | D:7      | Reached * piety under Dithmenos
  7715 | D:7      | Reached XP level 9. HP: 42/54 MP: 2/12
  7833 | D:7      | Found a deep blue altar of Sif Muna.
  7950 | D:6      | Reached skill level 7 in Dodging
  7985 | D:6      | Found a shattered altar of Ashenzari.
  8094 | D:6      | Learned a level 3 spell: Tukima's Dance
  8294 | D:6      | Upgraded the game from 0.21-a0-110-g8e1637b to 0.21-a0-111-g52d2817
  8380 | D:6      | Noticed Pikel
  8398 | D:6      | Killed Pikel
  8552 | D:6      | Reached skill level 8 in Dodging
  8847 | D:6      | Noticed Sigmund
  8856 | D:6      | Killed Sigmund
  8928 | D:6      | Found a bloodstained altar of Trog.
  9017 | D:7      | Reached ** piety under Dithmenos
  9017 | D:7      | Reached skill level 5 in Poison Magic
  9034 | D:7      | Gained mutation: You are partially covered in rugged brown scales. (AC +1, +3% HP) [mutagenic meat]
  9546 | D:7      | Reached XP level 10. HP: 62/64 MP: 13/13
  9972 | D:7      | Reached skill level 9 in Dodging
 10129 | D:7      | Found a stormy altar of Qazlal.
 10130 | D:7      | Found a hazy altar of Hepliaklqana.
 10638 | D:8      | Found a staircase to the Lair.
 10668 | D:8      | Noticed a death yak
 11201 | D:8      | Noticed a death yak
 11202 | D:8      | Noticed a death yak
 11203 | D:8      | Noticed a death yak
 11321 | D:7      | Reached skill level 5 in Stealth
 11449 | D:7      | Reached skill level 1 in Conjurations
 11657 | D:8      | Gained mutation: Your magical capacity is low. (-10% MP) [mutagenic meat]
 11743 | D:8      | Noticed a death yak
 12108 | D:8      | Noticed Erica
 12144 | D:8      | Killed Erica
 12469 | D:8      | Learned a level 4 spell: Olgreb's Toxic Radiance
 12472 | D:8      | Learned a level 2 spell: Blink
 12496 | D:8      | Found Engas's Antique Armour Emporium.
 12517 | D:8      | Bought a pair of embroidered boots for 195 gold pieces
 13483 | D:9      | Reached skill level 1 in Translocations
 13544 | D:9      | Reached *** piety under Dithmenos
 13677 | D:9      | Reached XP level 11. HP: 71/71 MP: 16/16
 13978 | D:9      | Killed a cyclops
 14034 | D:9      | Found Ygepp's General Store.
 14176 | D:9      | Noticed Gastronok
 14225 | D:9      | Reached skill level 10 in Dodging
 14427 | D:10     | Entered Level 10 of the Dungeon
 14905 | D:10     | Found a staircase to the Orcish Mines.
 15020 | D:10     | Found an ancient bone altar of Kikubaaqudgha.
 15443 | D:10     | Reached **** piety under Dithmenos
 15548 | D:10     | Noticed a two-headed ogre
 15607 | D:10     | Killed a two-headed ogre
 15607 | D:10     | Reached skill level 1 in Armour
 16005 | D:11     | Found Gus Vanko's Book Emporium.
 16127 | D:11     | HP: 2/73 [something (6)]
 16680 | D:11     | Reached skill level 5 in Hexes
 16929 | D:11     | Noticed an eight-headed hydra
 17191 | D:11     | Noticed octopodefightclub's ghost (journeyman OpGl)
 17282 | D:8      | Reached skill level 10 in Fighting
 17594 | D:8      | Noticed a death yak
 17756 | D:8      | Killed a death yak
 17756 | D:8      | Reached XP level 12. HP: 79/79 MP: 7/16
 17774 | D:8      | Killed a death yak
 17814 | D:8      | Killed a death yak
 18481 | D:7      | Killed a death yak
 19118 | D:7      | Killed a death yak
 19118 | D:7      | Reached skill level 5 in Spellcasting
 19454 | D:8      | Killed a death yak
 19575 | Lair:1   | Entered Level 1 of the Lair of Beasts
 19580 | Lair:1   | Noticed a four-headed hydra
 19593 | Lair:1   | Killed a four-headed hydra
 19742 | Lair:1   | Learned a level 3 spell: Dazzling Spray
 19925 | Lair:1   | Reached skill level 1 in Throwing
 20095 | Lair:1   | Noticed Nergalle
 20108 | Lair:1   | Killed Nergalle
 20271 | Lair:1   | Reached XP level 13. HP: 82/86 MP: 13/20
 20366 | Lair:1   | Reached skill level 11 in Dodging
 20774 | Lair:2   | Found a dark tunnel.
 20782 | Volcano  | Entered a volcano
 20801 | Volcano  | Found a burning altar of Makhleb.
 20802 | Volcano  | Noticed a red draconian
 20874 | Volcano  | Killed a red draconian
 21281 | Lair:2   | Reached skill level 10 in Stealth
 21365 | Lair:2   | Found a staircase to the Shoals.
 21626 | Lair:2   | Reached skill level 12 in Dodging
 21684 | Lair:2   | Noticed a four-headed hydra
 21691 | Lair:2   | Killed a four-headed hydra
 21730 | Lair:2   | Found a hole to the Spider Nest.
 23005 | Lair:2   | Learned a level 4 spell: Cause Fear
 23388 | Lair:2   | Reached XP level 14. HP: 92/92 MP: 20/22
 23788 | D:9      | Bought the ring "Hetiokh Sext" {rElec Str+3 Int+2 Dex-3 SInv} for 531 gold pieces
 23981 | D:9      | Killed Gastronok
 24260 | Lair:3   | Reached skill level 13 in Dodging
 24265 | Lair:3   | Reached XP level 15. HP: 98/98 MP: 22/23
 24300 | Lair:3   | Reached ***** piety under Dithmenos
 24533 | Lair:3   | Got a brightly glowing flail
 24534 | Lair:3   | Identified the cursed +0 flail "Maogon" {venom, Str+4} (You found it on level 3 of the Lair of Beasts)
 25045 | Lair:4   | Learned a level 5 spell: Venom Bolt
 25581 | Lair:4   | Lost mutation: Your magical capacity is low. (-10% MP) [potion of mutation]
 25581 | Lair:4   | Gained mutation: You are partially covered in large bone plates. (SH +4) [potion of mutation]
 25581 | Lair:4   | Gained mutation: Scrolls take you a little longer to read. [potion of mutation]
 25581 | Lair:4   | Gained mutation: Your body sometimes deteriorates upon taking damage. [potion of mutation]
 25581 | Lair:4   | Gained mutation: You are resistant to hostile enchantments. (MR+) [potion of mutation]
 26201 | Lair:5   | Found a staircase to the Slime Pits.
 27038 | Lair:6   | Entered Level 6 of the Lair of Beasts
 27625 | Lair:6   | Reached skill level 10 in Poison Magic
 28410 | Lair:6   | Reached skill level 14 in Dodging
 28727 | Lair:6   | Reached XP level 16. HP: 104/104 MP: 21/29
 28878 | Lair:6   | Got an iridescent dagger
 28899 | Lair:6   | Identified the +6 dagger "Fedisafu" {pierce, rElec rC++ Dex-5} (You found it on level 6 of the Lair of Beasts)
 29210 | Orc:1    | Entered Level 1 of the Orcish Mines
 29314 | Orc:1    | Reached ****** piety under Dithmenos
 29338 | Orc:1    | Paralysed by an orc sorcerer for 4 turns
 29843 | Orc:1    | Noticed Josephine
 29846 | Orc:1    | Noticed Snorg
 30047 | Orc:1    | Killed Josephine
 30740 | Orc:1    | Killed Snorg
 31012 | Orc:2    | Entered Level 2 of the Orcish Mines
 31050 | Orc:2    | Reached skill level 1 in Invocations
 31168 | Orc:2    | Found a staircase to the Elven Halls.
 31844 | Orc:2    | Found Toyczigyxyu's Gadget Boutique.
 31844 | Orc:2    | Found Igyox's Food Boutique.
 31845 | Orc:2    | Found Ulu Tol's Jewellery Shop.
 31848 | Orc:2    | Found Ithraatwo's Book Shop.
 31898 | Orc:2    | Bought the ring "Loumn" {rCorr rPois rN++ Int-3 Slay-4} for 320 gold pieces
 33556 | D:12     | Noticed Fannar
 33575 | D:12     | Killed Fannar
 34362 | D:13     | Reached skill level 5 in Invocations
 34365 | D:13     | Noticed Geoffrax's ghost (journeyman DrTm)
 34463 | D:13     | Found a gate to the Vaults.
 34510 | D:13     | Reached skill level 15 in Dodging
 34677 | D:13     | Found Ivuufeudax's Gadget Boutique.
 34703 | D:13     | Lost mutation: Scrolls take you a little longer to read. [potion of mutation]
 34703 | D:13     | Lost mutation: Your body sometimes deteriorates upon taking damage. [potion of mutation]
 34703 | D:13     | Lost mutation: You are partially covered in large bone plates. (SH +4) [potion of mutation]
 34703 | D:13     | Gained mutation: You are robust. (+10% HP) [potion of mutation]
 34703 | D:13     | Gained mutation: Your system is resistant to poisons. (rPois) [potion of mutation]
 34703 | D:13     | Gained mutation: You have a pair of small antennae on your head. [potion of mutation]
 34703 | D:13     | Gained mutation: You are highly resistant to hostile enchantments. (MR++) [potion of mutation]
 35002 | D:9      | Bought a scroll of acquirement for 832 gold pieces
 35103 | D:13     | Found Semoll's Food Shop.
 35356 | D:13     | Found Lyhiq's Book Shop.
 35864 | D:14     | Noticed Agnes
 35876 | D:14     | Killed Agnes
 35935 | D:14     | Reached skill level 10 in Hexes
 35952 | D:14     | Noticed Frances
 36062 | D:14     | Reached XP level 17. HP: 123/123 MP: 22/30
 36114 | D:14     | Killed Frances
 36623 | D:14     | Found Cuavufra's Jewellery Shop.
 37303 | D:15     | Entered Level 15 of the Dungeon
 37303 | D:15     | Noticed Louise
 37324 | D:15     | Killed Louise
 38513 | D:15     | Found a staircase to the Depths.
 38895 | Shoals:1 | Entered Level 1 of the Shoals
 39551 | Shoals:1 | Upgraded the game from 0.21-a0-111-g52d2817 to 0.21-a0-122-g43b3ea6
 39997 | Shoals:1 | Reached skill level 1 in Shields
 40295 | Shoals:1 | Reached skill level 16 in Dodging
 40384 | Shoals:1 | Noticed Aizul
 40448 | Shoals:1 | Found Vafeamos's Gadget Shop.
 42081 | Shoals:2 | HP: 6/125 [water nymph/the raging water (27)]
 42104 | Shoals:1 | HP: 4/125 [Aizul/bolt of poison (9)]
 42135 | Shoals:1 | Mangled by a snapping turtle

Vault maps used:
D:1:      dpeg_arrival_stone_temple_mockup, minmay_misc_feat_four_crosses
D:3:      okawaru_altar_gauntlet_db, kennysheep_potato
D:4:      nicolae_ru_awakened_eye, first_bread, gup_sewer_entry_spiral
D:5:      gammafunk_temple_overflow_wave, temple_doors_cd,
          nemelex_lonely_heart_becter
D:6:      bloody_makhleb, kennysheep_mini, nicolae_ashenzari_panopticon,
          uniq_pikel, uniq_sigmund
D:7:      lemuel_blue_sif_altar, chequers_temple_overflow_statue_of_worship,
          nrook_uturn, minmay_guarded_unrand_finisher
D:8:      dpeg_lair_monsters, serial_shops, shop, blue_anna_alchemist,
          uniq_erica
D:9:      serial_shops, shop, uniq_gastronok
D:10:     david_orc_4, basic_altar
D:11:     serial_shops, shop
D:12:     uniq_fannar
D:13:     david_vaults_1, serial_shops, kennysheep_little_box, shop_fountains,
          shop
D:14:     serial_shops, shop, minmay_strange_pillars, uniq_agnes, uniq_frances
D:15:     grunt_enter_depths_giant_problem, serial_column_ruins,
          column_ruins_hut, column_ruins_grid_1, column_ruins_grid_3,
          column_ruins_open_small, column_ruins_corridor_water,
          column_ruins_open_small, roderic_lattice_a, uniq_louise
Temple:   dshaligram_water_room_temple
Lair:1:   grunt_megastairs_4, uniq_nergalle
Lair:2:   elwin_shoals_entry_rocks, nicolae_spider_entry_tight_spaces,
          nicolae_volcano_entry_vermiform, infiniplex_staircase_pool,
          lemuel_fruit_tree, minmay_lair_oklob_chamber
Lair:5:   minmay_slime_entry_oklob_enclosed
Lair:6:   grunt_lair_end_beastmaster, kennysheep_basilisk_garden
Shoals:1: nicolae_shoals_c_island, uniq_aizul
Shoals:2: nicolae_shoals_isolated_beach
Orc:1:    nicolae_orc_pool_cavern, uniq_snorg, uniq_josephine
Orc:2:    st_orc_mages
Sewer:    sewer_co_tree
Volcano:  kennysheep_volcano_temple

Skill      XL: |  1  2  3  4  5  6  7  8  9 10 11 12 13 14 15 16 17 |
---------------+----------------------------------------------------+-----
Short Blades   | 2 3 4 5 6 7 8 9 |  9.0
Dodging        | 3 4 5 6 8 9 10 12 13 14 15 16 | 16.0
Hexes          | 4 5 6 7 9 10 | 10.5
Fighting       | 1 2 3 5 7 8 10 11 12 13 14 | 14.3
Poison Magic   | 2 5 6 8 9 10 11 12 | 12.0
Stealth        | 6 12 | 12.0
Conjurations   | 1 4 |  4.4
Spellcasting   | 4 6 7 9 |  9.4
Translocations | 1 4 |  4.2
Armour         | 2 3 |  3.1
Throwing       | 2 3 |  3.0
Invocations    | 6 |  6.6
Shields        | 3 |  3.8

Action                   |  1- 3 |  4- 6 |  7- 9 | 10-12 | 13-15 | 16-18 || total
-------------------------+-------+-------+-------+-------+-------+-------++-------
Melee: Dagger            |    76 |   222 |   359 |   769 |   413 |   649 ||  2488
 Fire: Blowgun           |       |       |    21 |    10 |    18 |       ||    49
 Cast: Corona            |    10 |     6 |     8 |    12 |     1 |     2 ||    39
       Ensorcelled Hiber |     7 |    20 |    61 |    87 |    74 |   168 ||   417
       Confuse           |       |     2 |    27 |    51 |    11 |    64 ||   155
       Tukima's Dance    |       |       |     3 |    32 |     5 |    13 ||    53
       Mephitic Cloud    |       |       |     1 |    10 |    21 |    17 ||    49
       Olgreb's Toxic Ra |       |       |       |    39 |    27 |    37 ||   103
       Blink             |       |       |       |    16 |    14 |    23 ||    53
       Dazzling Spray    |       |       |       |       |     7 |    43 ||    50
       Venom Bolt        |       |       |       |       |     1 |    15 ||    16
       Cause Fear        |       |       |       |       |       |     2 ||     2
Invok: Shadow Step       |       |       |       |     5 |     4 |     7 ||    16
       Shadow Form       |       |       |       |       |       |     1 ||     1
Evoke: Wand              |       |       |       |     1 |       |     8 ||     9
       Sack of spiders   |       |       |       |       |       |     1 ||     1
  Use: Scroll            |     4 |     3 |     9 |     3 |    11 |    15 ||    45
       Potion            |       |       |     9 |     9 |    15 |     3 ||    36
 Stab: Sleeping          |     9 |    25 |    28 |    55 |    77 |   129 ||   323
       Confused          |       |       |     7 |    23 |    12 |    49 ||    91
       Distracted        |       |       |       |     6 |     3 |     8 ||    17
       Invisible         |       |       |       |     1 |     4 |     3 ||     8
  Eat: Chunk             |    12 |    11 |    33 |    54 |    30 |    48 ||   188
       Meat ration       |       |       |       |     1 |       |       ||     1
Armor: Robe              |    12 |    37 |    21 |    69 |    30 |    73 ||   242
       Acid dragon scale |       |       |       |       |       |     3 ||     3
Dodge: Dodged            |    50 |   154 |   291 |   555 |   398 |   602 ||  2050
Block: Other             |       |       |       |       |    30 |    34 ||    64
       Buckler           |       |       |       |       |       |    32 ||    32
